 Dungeon Crawl Stone Soup version 0.20.1-1-g8b1a95d66d (webtiles) character file.

887 Jannitor the Ducker (level 7, 0/44 HPs)
             Began as a Deep Elf Chaos Knight on Dec 13, 2017.
             Succumbed to a killer bee's poison
             ... on level 3 of the Dungeon.
             The game lasted 00:10:18 (5558 turns).

Jannitor the Ducker (Deep Elf Chaos Knight)         Turns: 5558, Time: 00:10:19

Health: 0/44       AC:  4    Str:  7    XL:     7   Next: 77%
Magic:  9/9        EV: 14    Int: 18    God:    Xom [....*.]
Gold:   181        SH:  5    Dex: 15    Spells: 6/6 levels left

rFire    + . .     SeeInvis .   i - +1 dagger (venom)
rCold    . . .     Gourm    .   o - +0 buckler {rPois}
rNeg     . . .     Faith    .   b - +2 leather armour
rPois    +         Spirit   .   (no helmet)
rElec    .         Reflect  .   (no cloak)
rCorr    .         Harm     .   (no gloves)
MR       .....     Clarity  +   f - +0 pair of boots
Stlth    +.........             (no amulet)
Regen    0.2/turn               (no ring)
MPRegen  0.2/turn               (no ring)

@: lethally poisoned (0 -> -2)
A: fangs 1, clarity, deformed body, fire resistance 1, weak 1, evolution 1
a: Renounce Religion


You were on level 3 of the Dungeon.
You worshipped Xom.
You were a beloved toy of Xom.
You were not hungry.

You visited 1 branch of the dungeon, and saw 5 of its levels.

You collected 205 gold pieces.
You spent 24 gold pieces at shops.

Inventory:

Hand Weapons
 a - a +0 short sword of chaos
 i - a +1 dagger of venom (weapon)
Armour
 b - a +2 leather armour (worn)
 f - a +0 pair of boots (worn)
 o - a +0 buckler of poison resistance (worn)
 p - a +0 pair of boots
Jewellery
 e - an uncursed amulet of faith {unknown}
 v - an uncursed ring of wizardry {unknown}
Scrolls
 g - 6 scrolls of identify
 h - a scroll of immolation
 k - a scroll of teleportation
 m - 2 scrolls of amnesia {unknown}
 n - 4 scrolls of remove curse
 q - a scroll of fear
 u - a scroll of enchant armour {unknown}
 w - a scroll of random uselessness {unknown}
Potions
 l - a potion of might {unknown}
 r - 2 potions of magic
 x - a potion of resistance {unknown}
Comestibles
 c - 4 bread rations
 d - 10 meat rations
 j - 3 royal jellies
 t - a chunk of flesh


   Skills:
 + Level 4.4 Fighting
 + Level 5.7 Short Blades
 - Level 0.7 Armour
 + Level 6.0 Dodging
 + Level 2.6 Shields


You had 6 spell levels left.
You didn't know any spells.

Dungeon Overview and Level Annotations

Branches:
Dungeon (5/15)             Temple (0/1) D:4

Altars:
Xom

Shops:
D:5 [*(%

Annotations:
D:4 Jannitor's ghost, amateur DECK


Innate Abilities, Weirdness & Mutations

You have very sharp teeth.
You possess an exceptional clarity of mind.
Armour fits poorly on your strangely shaped body.
Your flesh is heat resistant. (rF+)
You are weak. (Str -2)
You evolve.


Message History

* * * LOW HITPOINT WARNING * * *
You closely miss the killer bee. The killer bee stings you.
* * * LOW HITPOINT WARNING * * *
The killer bee stings you but does no damage.
The orc misses you.
You barely miss the killer bee.
You feel sick. You block the killer bee's attack.
Unknown command.
You closely miss the killer bee.
You bite the killer bee, but do no damage.
The killer bee stings you but does no damage.
The orc misses you. The killer bee misses you.
You block the killer bee's attack. The orc barely misses you.
The killer bee stings you!
* * * LOW HITPOINT WARNING * * *
Unknown command.
It was a potion of cancellation.
You feel magically purged.
Xom thinks this is hilarious!
You die...
Xom thinks this is hilarious!

........................##..####.
.........#.###...###.#..##..# #.
####.##..#..................# #.
#....<...#.#..###.#.###..####.
#######..##.#..........# #..#.##.
..............#..###.### #..#.##.
#######...#.#.#..###.# #..#.##.
.# #........y>o...# ##..#.##. .#
#...#.#.##@##..# #....W...
.######.5.#.#.##.##..# ##.##.#.#
........W...#....##..#####.##.#.#
.................................
####.##..............#####.####.#
#.................#####.####.#
#.###..#.####.##..............
#.# #..######.##.######.#.####
#.# #..#......##.# #...# #


You could see a killer bee and an orc.

Vanquished Creatures
  Eustachio (D:5)
  A sky beast (D:5)
  2 ogres (D:4)
  2 scorpions
  A killer bee (D:5)
  An orc priest (D:4)
  An orc wizard (D:4)
  A worker ant (D:4)
  A hound zombie (D:5)
  A hound skeleton (D:5)
  3 gnolls
  3 adders
  2 oozes
  A worm (D:1)
  4 dart slugs
  5 leopard geckos
  4 orcs
  7 giant cockroaches
  9 goblins
  6 hobgoblins
  13 jackals
  8 kobolds
  2 quokkas
  7 bats
  6 frilled lizards
  A leopard gecko zombie (D:5)
  16 rats
  A plant (D:2)
110 creatures vanquished.

Vanquished Creatures (collateral kills)
  The ghost of Jannitor the Cutter, an amateur DECK of Xom (D:3)
  A giant cockroach (D:3)
2 creatures vanquished.

Grand Total: 112 creatures vanquished

Notes
Turn   | Place    | Note
-------+----------+-------------------------------------------
     0 | D:1      | Jannitor the Deep Elf Chaos Knight began the quest for the Orb.
     0 | D:1      | Reached XP level 1. HP: 13/13 MP: 3/3
   195 | D:1      | XOM: divination: detect creatures
   258 | D:1      | Reached XP level 2. HP: 18/18 MP: 4/4
   471 | D:1      | Reached skill level 3 in Dodging
   920 | D:1      | Reached XP level 3. HP: 20/22 MP: 5/5
  1957 | D:2      | XOM: 4-stop teleportation journey
  1980 | D:2      | XOM: 2-stop teleportation journey
  2042 | D:2      | XOM: summons friendly crimson imp
  2046 | D:1      | Reached XP level 4. HP: 18/27 MP: 6/6
  2268 | D:2      | XOM: noise
  2467 | D:1      | XOM: mild Tmut miscast
  3385 | D:3      | Reached skill level 4 in Dodging
  3398 | D:3      | Noticed Jannitor's ghost (amateur DECK)
  3411 | D:3      | XOM: potion effect (brilliance)
  3425 | D:3      | XOM: confuse monster(s)
  3446 | D:3      | XOM: blink monster(s)
  3447 | D:3      | XOM: summons friendly iron imp
  3699 | D:3      | Reached XP level 5. HP: 31/32 MP: 7/7
  3771 | D:3      | XOM: summons friendly white imp
  3851 | D:3      | XOM: summons 3 friendly demons
  3885 | D:3      | Killed Jannitor's ghost
  3918 | D:3      | XOM: give mutations
  3918 | D:3      | Gained mutation: You have very sharp teeth. [Xom's grace]
  3918 | D:3      | Gained mutation: You possess an exceptional clarity of mind. [Xom's grace]
  3977 | D:3      | XOM: scenery: create altars
  4011 | D:3      | XOM: god gift: potion of invisibility
  4071 | D:3      | XOM: god gift: glowing buckler {god gift}
  4317 | D:3      | XOM: divination: detect items
  4331 | D:4      | XOM: stealth player
  4359 | D:4      | Noticed an ogre
  4375 | D:4      | Killed an ogre
  4375 | D:4      | Reached XP level 6. HP: 37/37 MP: 8/8
  4430 | D:5      | Entered Level 5 of the Dungeon
  4434 | D:5      | Reached skill level 1 in Shields
  4518 | D:5      | Found Qacudwack's Food Emporium.
  4520 | D:5      | Noticed a sky beast
  4532 | D:5      | Killed a sky beast
  4532 | D:5      | Reached skill level 5 in Short Blades
  4532 | D:5      | Reached skill level 5 in Dodging
  4538 | D:5      | Gained mutation: Armour fits poorly on your strangely shaped body. [mutagenic meat]
  4539 | D:5      | Gained mutation: You evolve. [mutagenic meat]
  4540 | D:5      | Gained mutation: You are weak. (Str -2) [mutagenic meat]
  4541 | D:5      | Gained mutation: Your flesh is heat resistant. (rF+) [mutagenic meat]
  4718 | D:5      | Noticed Eustachio
  4727 | D:5      | XOM: snakes to sticks
  4768 | D:5      | Killed Eustachio
  4768 | D:5      | Reached XP level 7. HP: 9/43 MP: 9/9
  4949 | D:5      | XOM: god gift: 6 meat rations
  5011 | D:5      | Found Diowennyeca's General Store.
  5011 | D:5      | XOM: 4-stop teleportation journey
  5033 | D:5      | Found Pataxocsu's Armour Shop.
  5054 | D:5      | Bought a scroll of identify for 24 gold pieces
  5095 | D:5      | XOM: polymorph leopard gecko -> dart slug
  5096 | D:5      | XOM: smoke on damage
  5217 | D:5      | Found Luroaryn's Antique Weapon Emporium.
  5334 | D:4      | Found a staircase to the Ecumenical Temple.
  5349 | D:4      | XOM: butterfly on damage
  5496 | D:4      | Noticed Jannitor's ghost (amateur DECK)
  5502 | D:4      | XOM: god gift: 25 gold pieces
  5512 | D:4      | XOM: 1-stop teleportation journey
  5542 | D:4      | Reached skill level 6 in Dodging
  5542 | D:4      | XOM: smoke on damage
  5557 | D:3      | HP: 1/44 [killer bee (8)]
  5558 | D:3      | Succumbed to a killer bee's poison

Skill      XL: |  1  2  3  4  5  6  7 |
---------------+----------------------+-----
Dodging        | 3 4 5 6 |  6.0
Short Blades   | 4 5 |  5.7
Fighting       | 3 4 |  4.4
Shields        | 1 2 |  2.6
Armour         | |  0.7

Action                   |  1- 3 |  4- 6 |  7- 9 || total
-------------------------+-------+-------+-------++-------
Melee: Short sword       |    64 |       |       ||    64
       Dagger            |   105 |   184 |    69 ||   358
       Bite              |       |     6 |     7 ||    13
  Use: Potion            |       |     7 |     1 ||     8
       Scroll            |       |       |     4 ||     4
 Stab: Sleeping          |     1 |     6 |     1 ||     8
       Distracted        |       |     1 |       ||     1
  Eat: Chunk             |     3 |    14 |     3 ||    20
Armor: Leather armour    |    41 |    40 |     8 ||    89
Dodge: Dodged            |    86 |   131 |    42 ||   259
Block: Buckler           |       |    12 |    11 ||    23
